 Dungeon Crawl Stone Soup version 0.28.0-43-g3370ac3207 (webtiles) character file.

Game seed: 6447636961975106854

21 croobank the Firebug (level 2, -3/17 HPs)
             Began as an Octopode Fire Elementalist on Mar 17, 2022.
             Frozen to death by an endoplasm (5 damage)
             ... on level 2 of the Dungeon.
             The game lasted 00:02:19 (1225 turns).

croobank the Firebug (Octopode Fire Elementalist)   Turns: 1225, Time: 00:02:20

Health: -3/17      AC:  1    Str:  7    XL:     2   Next: 83%
Magic:  1/5        EV: 13    Int: 17    God:
Gold:   22         SH:  0    Dex: 12    Spells: 2/5 levels left

rFire   . . .      SeeInvis .   b - +0 whip
rCold   . . .      Faith    .   (no shield)
rNeg    . . .      Spirit   .   (helmet restricted)
rPois   .          Reflect  .   (no amulet)
rElec   .          Harm     .   (no ring)
rCorr   .          Rampage  .   (no ring)
Will    .....                   (no ring)
Stlth   +++.......              (no ring)
HPRegen 0.05/turn               (no ring)
MPRegen 0.09/turn               (no ring)
                                (no ring)
                                (no ring)

@: no status effects
A: almost no armour, amphibious, 8 rings, camouflage 1, gelatinous body 1,
(nimble swimmer 1), tentacles
a: no special abilities


You were on level 2 of the Dungeon.
You visited 1 branch of the dungeon, and saw 2 of its levels.

You collected 22 gold pieces.

Inventory:

Hand Weapons
 b - a +0 whip (weapon)
Missiles
 a - 132 stones
 e - 5 poisoned darts
Scrolls
 c - 3 scrolls of identify {unknown}
Potions
 d - 2 potions of berserk rage {unknown}


   Skills:
 + Level 2.2 Dodging
 + Level 3.2 Stealth
 + Level 2.2 Spellcasting
 + Level 1.4 Conjurations
 + Level 3.2 Fire Magic


You had 2 spell levels left.
You knew the following spells:

 Your Spells              Type           Power      Damage    Failure   Level
a - Foxfire               Conj/Fire      36%        2x1d5     8%          1
b - Scorch                Fire           24%        2d6       8%          2

Your spell library contained the following spells:

 Spells                   Type           Power      Damage    Failure   Level
 Conjure Flame            Conj/Fire      9%         6-21      22%         3
 Inner Flame              Hex/Fire       7%         N/A       30%         3
 Flame Wave               Conj/Fire      9%         2d5       58%         4


Dungeon Overview and Level Annotations

Branches:
Dungeon (2/15)

Altars:


Innate Abilities, Weirdness & Mutations

You cannot wear most types of armour.
You are amphibious.
You can wear up to eight rings at the same time.
Your skin changes colour to match your surroundings (Stealth+).
Your rubbery body absorbs attacks. (AC +1, EV +1)
((You are camouflaged when in or above water. (Stealth+)))
You have tentacles for arms and can constrict up to eight enemies at once.


Message History

Flames lash the worm.
The worm is moderately wounded.
The worm's fire resistance burns away.
The kobold shouts!
You hear an angry hiss.
The foxfire hits the kobold.
The kobold is heavily wounded.
The foxfire hits the endoplasm.
The endoplasm is moderately wounded.
Casting: Scorch (safe; 8% risk of failure)
Confirm with . or Enter, or press ? or * to list all spells.
Flames lash the kobold.
You kill the kobold!
The endoplasm freezes you.
You are frozen.
You hit the endoplasm.
You kill the endoplasm!
The worm bites you!
Ouch! That really hurt!
* * * LOW HITPOINT WARNING * * *
A ball python comes into view.
The worm is no longer more vulnerable to fire.
You see here 5 gold pieces.
Found an escape hatch in the ceiling.
A rat comes into view.
A bat comes into view.
The bat hits you.
* * * LOW HITPOINT WARNING * * *
The bat closely misses you.
An endoplasm and a kobold come into view.
The kobold is wielding a +1 dagger of pain.
Found 18 stones.
The kobold shouts!
The bat hits you but does no damage.
Found 10 stones.
A bat comes into view.
Found a scroll labelled NOARPHIPAWE.
The bat hits you.
* * * LOW HITPOINT WARNING * * *
The endoplasm freezes you.
You are frozen.
You die...

#....####..........#
.#######................
........................
.....$.#$...w...........
.......<................
.......)####............
.######.# ##.#........#
..# #..b........ #.##
##.@........ #.
#..J....... ..
............ ..
..........K...
...........(...#
..b.............
.........#...##
....?..####...


You could see a worm, an endoplasm, 2 bats and a kobold.

Vanquished Creatures
  A dart slug (D:1)
  2 endoplasms
  5 goblins (D:1)
  3 hobgoblins (D:1)
  4 kobolds
  2 rats (D:1)
17 creatures vanquished.

Vanquished Creatures (others)
  35 foxfires
35 creatures vanquished.

Grand Total: 52 creatures vanquished

Notes
Turn   | Place    | Note
-------+----------+-------------------------------------------
     0 | D:1      | croobank the Octopode Fire Elementalist began the quest for
                  | the Orb.
     0 | D:1      | Reached XP level 1. HP: 11/11 MP: 3/3
   180 | D:1      | Reached XP level 2. HP: 17/17 MP: 1/5
   228 | D:1      | Learned a level 2 spell: Scorch
  1225 | D:2      | Frozen to death by an endoplasm

Illustrated notes

Levels and vault maps discovered:
D:1:      heliophobic_arrival_dark_side_of_the_moon, layout_basic
D:2:      layout_rooms, minmay_misc_feat_square, uniq_terence

Skill      XL: |  1  2 |
---------------+-------+-----
Stealth        | 3 |  3.2
Dodging        | |  2.2
Spellcasting   | |  2.2
Conjurations   | |  1.4
Fire Magic     | |  3.2

Action                   || total
-------------------------++-------
Melee: Whip              ||     3
       Constrict         ||     1
 Cast: Foxfire           ||    19
       Scorch            ||     6
Armor: Skin              ||     1
Dodge: Dodged            ||     3
